General information
- name: BNet
- type: Ladder team game (AT/RT)
- host: Battle.net
- saver: NegroMagic
map: MarketSquare
- players: 8
- length: 62:30
- speed: Fast
- version: 1.26 W3XP
- replay type: Public
» download(288 KB)
Players
team 1 (winner)
Phurious (
orange | 11 APM | 660 actions | 62:30)
5 Blademaster
3 Wind Walk
2 Critical Strike
» actions
| Build / train | 45 | |
| Enter build submenu | 11 | |
| Enter hero's abilities submenu | 5 | |
| Right click | 393 | |
| Select / deselect | 150 | |
| Use ability | 56 | |
660 total
» units
» upgrades
| Liquid Fire | 1 | |
| Ranged Weapons | 3 | |
| Armor | 3 | |
7 total
» buildings
| Altar of Storms | 1 | |
| Orc Burrow | 4 | |
| Voodoo Lounge | 1 | |
| Stronghold | 3 | |
| Fortress | 1 | |
| Beastiary | 2 | |
| War Mill | 2 | |
14 total
» build order
00:09 Altar of Storms
00:22 Orc Burrow
00:37 Voodoo Lounge
01:45 Orc Burrow
02:47 Stronghold
02:47 Stronghold
02:48 Stronghold
05:31 Fortress
05:56 Beastiary
06:00 Beastiary
07:29 Orc Burrow
07:33 Orc Burrow
09:13 War Mill
11:40 War Mill
» items
| Healing Salve | 2 | |
| Lesser Clarity Potion | 3 | |
| Scroll of Speed | 1 | |
| Scroll of Town Portal | 1 | |
7 total
caramba (
pink | 42 APM | 2643 actions | 62:30)
6 Death Knight
3 Death Coil
2 Unholy Aura
1 Animate Dead
4 Lich
2 Frost Nova
2 Frost Armor
2 Crypt Lord
1 Spiked Carapace
1 Impale
» actions
| Assign group hotkey | 40 | |
| Basic commands | 4 | |
| Build / train | 101 | |
| Enter build submenu | 32 | |
| Enter hero's abilities submenu | 12 | |
| Give item / drop item | 5 | |
| Right click | 857 | |
| Select / deselect | 534 | |
| Select group hotkey | 930 | |
| Use ability | 127 | |
2643 total
» units
| Acolyte | 36 | |
| Ghoul | 4 | |
| Crypt Fiend | 6 | |
| Frost Wyrm | 9 | |
55 total
» upgrades
| Creature Attack | 2 | |
| Web | 1 | |
| Creature Carapace | 3 | |
| Freezing Breath | 1 | |
7 total
» buildings
| Graveyard | 1 | |
| Crypt | 1 | |
| Ziggurat | 15 | |
| Altar of Darkness | 1 | |
| Tomb of Relics | 1 | |
| Nerubian Tower | 4 | |
| Necropolis | 1 | |
| Halls of the Dead | 1 | |
| Spirit Tower | 8 | |
| Black Citadel | 1 | |
| Sacrificial Pit | 2 | |
| Boneyard | 2 | |
| Orc Burrow | 1 | |
39 total
» build order
00:34 Graveyard
00:37 Crypt
00:43 Ziggurat
01:05 Altar of Darkness
01:26 Ziggurat
02:08 Tomb of Relics
02:49 Nerubian Tower
04:53 Ziggurat
05:08 Necropolis
05:12 Halls of the Dead
05:53 Nerubian Tower
06:10 Ziggurat
06:36 Spirit Tower
07:36 Black Citadel
08:26 Sacrificial Pit
09:10 Spirit Tower
09:13 Ziggurat
10:10 Boneyard
10:15 Ziggurat
11:04 Boneyard
11:12 Ziggurat
18:07 Spirit Tower
20:13 Spirit Tower
20:49 Ziggurat
27:26 Spirit Tower
27:35 Ziggurat
27:42 Ziggurat
28:44 Spirit Tower
31:20 Orc Burrow
31:47 Ziggurat
32:02 Ziggurat
32:54 Spirit Tower
32:58 Spirit Tower
36:16 Ziggurat
37:33 Nerubian Tower
38:12 Ziggurat
39:37 Ziggurat
40:32 Nerubian Tower
47:03 Sacrificial Pit
» items
| Rod of Necromancy | 2 | |
| Sacrificial Skull | 1 | |
| Potion of Healing | 2 | |
| Orb of Corruption | 2 | |
| Scroll of Healing | 2 | |
| Scroll of Town Portal | 1 | |
10 total
NegroMagic (
teal | 38 APM | 2365 actions | 62:30)
6 Archmage
3 Summon Water Elemental
2 Brilliance Aura
1 Mass Teleport
» actions
| Assign group hotkey | 169 | |
| Basic commands | 272 | |
| Build / train | 87 | |
| Enter build submenu | 76 | |
| Enter hero's abilities submenu | 6 | |
| Give item / drop item | 8 | |
| Right click | 726 | |
| Select / deselect | 525 | |
| Select group hotkey | 331 | |
| Use ability | 165 | |
2365 total
» units
| Peasant | 19 | |
| Footman | 4 | |
| Gryphon Rider | 8 | |
31 total
» upgrades
| Lumber Harvesting | 2 | |
| Masonry | 3 | |
| Storm Hammers | 1 | |
| Cloud | 1 | |
| Swords | 3 | |
| Armor | 3 | |
| Animal War Training | 1 | |
14 total
» buildings
| Altar of Kings | 1 | |
| Barracks | 1 | |
| Farm | 16 | |
| Arcane Vault | 1 | |
| Keep | 1 | |
| Lumber Mill | 1 | |
| Town Hall | 7 | |
| Scout Tower | 55 | |
| Guard Tower | 19 | |
| Castle | 1 | |
| Blacksmith | 3 | |
| Gryphon Aviary | 4 | |
110 total
» build order
00:53 Altar of Kings
00:55 Barracks
00:57 Farm
00:58 Farm
01:05 Farm
01:34 Farm
02:24 Arcane Vault
03:35 Keep
03:47 Lumber Mill
05:34 Town Hall
05:42 Scout Tower
05:47 Scout Tower
05:50 Scout Tower
05:54 Scout Tower
06:23 Guard Tower
06:25 Guard Tower
07:04 Castle
07:11 Guard Tower
07:42 Guard Tower
08:26 Blacksmith
08:28 Blacksmith
08:31 Blacksmith
10:06 Gryphon Aviary
10:07 Gryphon Aviary
10:07 Gryphon Aviary
10:08 Gryphon Aviary
12:09 Farm
12:10 Farm
12:17 Farm
12:20 Farm
12:22 Farm
12:23 Farm
14:27 Scout Tower
14:28 Scout Tower
14:28 Scout Tower
15:45 Guard Tower
16:53 Scout Tower
16:54 Scout Tower
16:55 Scout Tower
16:57 Scout Tower
17:00 Scout Tower
17:01 Scout Tower
17:02 Scout Tower
17:04 Scout Tower
17:05 Scout Tower
17:06 Scout Tower
17:07 Scout Tower
17:08 Scout Tower
17:09 Scout Tower
17:10 Scout Tower
17:11 Scout Tower
17:12 Scout Tower
17:13 Scout Tower
17:40 Guard Tower
18:27 Guard Tower
18:42 Guard Tower
19:08 Guard Tower
20:47 Farm
20:47 Farm
20:49 Farm
20:53 Farm
21:29 Farm
30:24 Town Hall
30:33 Scout Tower
30:34 Scout Tower
30:35 Scout Tower
30:41 Scout Tower
30:42 Scout Tower
30:42 Scout Tower
30:42 Scout Tower
30:43 Scout Tower
31:23 Guard Tower
31:58 Guard Tower
33:10 Town Hall
33:13 Scout Tower
33:13 Scout Tower
33:14 Scout Tower
33:14 Scout Tower
33:21 Scout Tower
33:21 Scout Tower
33:22 Scout Tower
33:22 Scout Tower
33:23 Scout Tower
33:39 Town Hall
33:44 Scout Tower
33:44 Scout Tower
33:44 Scout Tower
33:45 Scout Tower
33:47 Scout Tower
33:48 Scout Tower
33:48 Scout Tower
33:48 Scout Tower
34:13 Town Hall
36:15 Guard Tower
36:16 Guard Tower
38:31 Guard Tower
38:56 Town Hall
39:00 Scout Tower
39:01 Scout Tower
39:01 Scout Tower
39:01 Scout Tower
39:06 Scout Tower
39:12 Scout Tower
39:27 Guard Tower
39:27 Guard Tower
39:27 Guard Tower
39:33 Guard Tower
39:40 Guard Tower
40:15 Town Hall
» items
| Scroll of Regeneration | 3 | |
| Periapt of Vitality | 3 | |
| Boots of Speed | 1 | |
| Staff of Teleportation | 1 | |
| Potion of Invisibility | 1 | |
| Potion of Lesser Invulnerability | 1 | |
| Orb of Corruption | 1 | |
| Scroll of Town Portal | 3 | |
14 total

»
KangConqueror (
red | 73 APM | 1952 actions | 26:53)
6 Blademaster
2 Wind Walk
3 Critical Strike
1 Bladestorm
2 Tauren Chieftain
1 Endurance Aura
1 Shockwave
1 Shadow Hunter
1 Healing Wave
» actions
| Assign group hotkey | 80 | |
| Basic commands | 22 | |
| Build / train | 73 | |
| ESC pressed | 8 | |
| Enter build submenu | 18 | |
| Enter hero's abilities submenu | 9 | |
| Give item / drop item | 3 | |
| Right click | 598 | |
| Select / deselect | 359 | |
| Select group hotkey | 618 | |
| Use ability | 162 | |
1952 total
» units
| Peon | 9 | |
| Grunt | 8 | |
| Kodo Beast | 2 | |
| Troll Witch Doctor | 5 | |
| Troll Batrider | 10 | |
| Raider | 1 | |
35 total
» upgrades
| Pillage | 1 | |
| Melee Weapons | 2 | |
| Armor | 2 | |
| Berserker Strength | 1 | |
| Witch Doctor Training | 2 | |
| War Drums Damage Increase | 1 | |
| Reinforced Defenses | 1 | |
| Ensnare | 1 | |
| Liquid Fire | 1 | |
12 total
» buildings
| Altar of Storms | 1 | |
| Orc Burrow | 8 | |
| Barracks | 1 | |
| War Mill | 1 | |
| Voodoo Lounge | 1 | |
| Stronghold | 1 | |
| Fortress | 1 | |
| Spirit Lodge | 1 | |
| Beastiary | 2 | |
| Great Hall | 2 | |
19 total
» build order
00:21 Altar of Storms
00:38 Orc Burrow
00:51 Barracks
01:11 War Mill
01:46 Orc Burrow
02:13 Voodoo Lounge
03:51 Orc Burrow
04:14 Stronghold
06:45 Fortress
07:15 Spirit Lodge
07:17 Beastiary
07:21 Orc Burrow
11:24 Beastiary
11:26 Orc Burrow
13:30 Orc Burrow
16:10 Orc Burrow
20:54 Orc Burrow
23:15 Great Hall
23:33 Great Hall
» items
| Boots of Speed | 2 | |
| Healing Salve | 6 | |
| Orb of Lightning | 1 | |
| Scroll of Town Portal | 1 | |
| Periapt of Vitality | 1 | |
11 total
team 2 (loser)
BeerMePlz (
yellow | 57 APM | 920 actions | 16:12)
3 Archmage
2 Summon Water Elemental
1 Brilliance Aura
2 Mountain King
1 Storm Bolt
1 Bash
» actions
| Assign group hotkey | 9 | |
| Basic commands | 31 | |
| Build / train | 86 | |
| ESC pressed | 1 | |
| Enter build submenu | 27 | |
| Enter hero's abilities submenu | 5 | |
| Give item / drop item | 2 | |
| Remove unit from queue | 3 | |
| Right click | 368 | |
| Select / deselect | 244 | |
| Select group hotkey | 77 | |
| Use ability | 67 | |
920 total
» units
| Peasant | 16 | |
| Footman | 7 | |
| Rifleman | 6 | |
| Priest | 1 | |
| Sorceress | 4 | |
| Mortar Team | 4 | |
| Siege Engine | 1 | |
39 total
» upgrades
| Gunpowder | 2 | |
| Armor | 1 | |
| Lumber Harvesting | 2 | |
| Masonry | 1 | |
| Sorceress Training | 2 | |
| Fragmentation Shards | 1 | |
| Priest Training | 1 | |
| Magic Sentry | 1 | |
11 total
» buildings
| Farm | 8 | |
| Altar of Kings | 1 | |
| Barracks | 1 | |
| Arcane Vault | 1 | |
| Blacksmith | 1 | |
| Lumber Mill | 1 | |
| Town Hall | 1 | |
| Scout Tower | 5 | |
| Arcane Tower | 4 | |
| Keep | 2 | |
| Guard Tower | 4 | |
| Castle | 2 | |
| Arcane Sanctum | 2 | |
| Workshop | 2 | |
35 total
» build order
00:08 Farm
00:19 Altar of Kings
00:27 Barracks
00:48 Farm
01:37 Farm
02:03 Arcane Vault
03:15 Blacksmith
03:56 Farm
04:49 Lumber Mill
04:54 Town Hall
05:00 Scout Tower
05:03 Scout Tower
05:21 Farm
05:32 Arcane Tower
05:35 Scout Tower
06:15 Keep
06:15 Keep
06:22 Guard Tower
06:22 Guard Tower
07:27 Scout Tower
07:56 Scout Tower
08:01 Arcane Tower
08:15 Farm
08:29 Guard Tower
08:29 Guard Tower
08:45 Castle
08:46 Castle
09:19 Arcane Sanctum
09:24 Workshop
10:28 Workshop
10:56 Arcane Sanctum
13:45 Farm
15:57 Farm
» items
| Lesser Clarity Potion | 2 | |
| Scroll of Regeneration | 2 | |
| Scroll of Town Portal | 2 | |
6 total
HongKongBoy (
blue | 34 APM | 559 actions | 16:23)
4 Archmage
1 Blizzard
2 Summon Water Elemental
1 Brilliance Aura
» actions
| Basic commands | 19 | |
| Build / train | 52 | |
| Enter build submenu | 21 | |
| Enter hero's abilities submenu | 4 | |
| Right click | 235 | |
| Select / deselect | 169 | |
| Use ability | 59 | |
559 total
» units
| Peasant | 10 | |
| Footman | 7 | |
| Priest | 4 | |
| Gryphon Rider | 5 | |
| Knight | 1 | |
27 total
» upgrades
| Masonry | 3 | |
| Defend | 1 | |
| Lumber Harvesting | 2 | |
| Priest Training | 2 | |
| Storm Hammers | 1 | |
| Animal War Training | 1 | |
| Swords | 2 | |
| Armor | 1 | |
13 total
» buildings
| Altar of Kings | 1 | |
| Farm | 9 | |
| Barracks | 1 | |
| Lumber Mill | 1 | |
| Scout Tower | 3 | |
| Arcane Tower | 2 | |
| Keep | 1 | |
| Guard Tower | 1 | |
| Arcane Vault | 1 | |
| Arcane Sanctum | 1 | |
| Castle | 1 | |
| Blacksmith | 1 | |
| Gryphon Aviary | 3 | |
26 total
» build order
00:24 Altar of Kings
00:33 Farm
01:14 Barracks
01:22 Farm
01:59 Lumber Mill
02:19 Farm
02:32 Scout Tower
03:40 Farm
03:52 Arcane Tower
04:24 Keep
04:39 Scout Tower
04:56 Arcane Tower
05:01 Scout Tower
05:33 Guard Tower
06:04 Arcane Vault
07:08 Arcane Sanctum
07:14 Castle
11:03 Blacksmith
11:19 Gryphon Aviary
13:25 Gryphon Aviary
14:18 Gryphon Aviary
14:41 Farm
14:43 Farm
15:39 Farm
15:41 Farm
15:57 Farm
» items
| Scroll of Town Portal | 1 | |
| Orb of Fire | 1 | |
2 total
OMW (
purple | 68 APM | 4220 actions | 62:30)
8 Mountain King
3 Storm Bolt
3 Bash
1 Avatar
1 Thunder Clap
1 Paladin
1 Divine Shield
» actions
| Assign group hotkey | 32 | |
| Basic commands | 41 | |
| Build / train | 194 | |
| ESC pressed | 7 | |
| Enter build submenu | 51 | |
| Enter hero's abilities submenu | 12 | |
| Give item / drop item | 11 | |
| Right click | 2132 | |
| Select / deselect | 522 | |
| Select group hotkey | 864 | |
| Use ability | 354 | |
4220 total
» units
| Peasant | 26 | |
| Footman | 4 | |
| Dragonhawk Rider | 3 | |
| Gryphon Rider | 1 | |
34 total
» upgrades
| Masonry | 3 | |
| Lumber Harvesting | 2 | |
| Swords | 3 | |
| Animal War Training | 1 | |
| Storm Hammers | 1 | |
| Cloud | 1 | |
| Armor | 3 | |
| Magic Sentry | 1 | |
15 total
» buildings
| Altar of Kings | 1 | |
| Barracks | 2 | |
| Farm | 6 | |
| Lumber Mill | 1 | |
| Arcane Vault | 1 | |
| Town Hall | 5 | |
| Scout Tower | 29 | |
| Arcane Tower | 3 | |
| Keep | 4 | |
| Guard Tower | 52 | |
| Castle | 3 | |
| Gryphon Aviary | 3 | |
| Blacksmith | 1 | |
| Arcane Sanctum | 1 | |
112 total
» build order
00:38 Altar of Kings
00:41 Barracks
00:59 Farm
01:07 Farm
01:41 Farm
02:02 Farm
02:08 Lumber Mill
02:15 Arcane Vault
04:24 Town Hall
04:27 Scout Tower
04:35 Scout Tower
04:47 Arcane Tower
04:48 Arcane Tower
05:43 Arcane Tower
05:54 Keep
05:55 Keep
05:55 Keep
05:56 Scout Tower
05:57 Scout Tower
05:58 Scout Tower
06:00 Scout Tower
06:02 Scout Tower
06:48 Guard Tower
06:48 Guard Tower
06:55 Scout Tower
06:58 Scout Tower
08:17 Castle
08:17 Castle
08:19 Guard Tower
08:19 Guard Tower
09:21 Gryphon Aviary
09:22 Gryphon Aviary
09:24 Gryphon Aviary
10:07 Guard Tower
10:07 Guard Tower
10:11 Guard Tower
10:11 Guard Tower
10:12 Guard Tower
10:17 Guard Tower
10:17 Guard Tower
10:18 Guard Tower
10:57 Blacksmith
13:17 Barracks
13:20 Farm
17:08 Scout Tower
17:08 Scout Tower
17:09 Scout Tower
17:10 Scout Tower
17:11 Scout Tower
17:12 Scout Tower
17:13 Scout Tower
17:18 Scout Tower
17:18 Scout Tower
17:19 Scout Tower
17:42 Guard Tower
17:43 Guard Tower
17:43 Guard Tower
18:57 Guard Tower
18:57 Guard Tower
18:58 Guard Tower
21:07 Arcane Sanctum
21:10 Guard Tower
21:10 Guard Tower
21:19 Guard Tower
21:19 Guard Tower
21:23 Guard Tower
21:23 Guard Tower
21:47 Farm
23:12 Scout Tower
23:13 Scout Tower
23:14 Scout Tower
23:15 Scout Tower
23:40 Guard Tower
23:41 Guard Tower
23:45 Guard Tower
23:45 Guard Tower
23:50 Guard Tower
23:50 Guard Tower
23:50 Guard Tower
23:53 Guard Tower
23:53 Guard Tower
23:54 Guard Tower
23:59 Guard Tower
23:59 Guard Tower
23:59 Guard Tower
25:17 Scout Tower
25:18 Scout Tower
25:19 Scout Tower
25:19 Scout Tower
25:21 Scout Tower
25:24 Scout Tower
26:25 Guard Tower
26:25 Guard Tower
26:25 Guard Tower
40:18 Town Hall
40:47 Town Hall
41:40 Town Hall
44:23 Town Hall
» items
| Scroll of Regeneration | 6 | |
| Lesser Clarity Potion | 6 | |
| Boots of Speed | 1 | |
| Periapt of Vitality | 3 | |
| Ivory Tower | 15 | |
| Potion of Healing | 1 | |
| Scroll of Town Portal | 4 | |
| Staff of Teleportation | 1 | |
| Scroll of Protection | 1 | |
38 total
EXITSIGNLOL (
green | 57 APM | 3562 actions | 62:30)
10 Paladin
3 Holy Light
3 Divine Shield
2 Resurrection
2 Devotion Aura
» actions
| Assign group hotkey | 94 | |
| Basic commands | 11 | |
| Build / train | 120 | |
| Enter build submenu | 28 | |
| Enter hero's abilities submenu | 10 | |
| Give item / drop item | 8 | |
| Right click | 1514 | |
| Select / deselect | 422 | |
| Select group hotkey | 1090 | |
| Use ability | 264 | |
3562 total
» units
| Peasant | 10 | |
| Footman | 4 | |
| Gryphon Rider | 5 | |
| Siege Engine | 1 | |
| Dragonhawk Rider | 4 | |
| Priest | 17 | |
41 total
» upgrades
| Masonry | 3 | |
| Lumber Harvesting | 2 | |
| Animal War Training | 1 | |
| Swords | 2 | |
| Armor | 2 | |
| Storm Hammers | 1 | |
| Cloud | 1 | |
| Barrage | 1 | |
| Priest Training | 2 | |
| Sorceress Training | 1 | |
16 total
» buildings
| Altar of Kings | 1 | |
| Barracks | 1 | |
| Farm | 13 | |
| Lumber Mill | 1 | |
| Arcane Vault | 6 | |
| Scout Tower | 17 | |
| Guard Tower | 18 | |
| Keep | 2 | |
| Castle | 2 | |
| Gryphon Aviary | 2 | |
| Blacksmith | 1 | |
| Town Hall | 2 | |
| Arcane Sanctum | 3 | |
69 total
» build order
00:18 Altar of Kings
00:23 Barracks
00:37 Farm
00:52 Farm
01:09 Lumber Mill
01:46 Arcane Vault
02:09 Scout Tower
02:11 Scout Tower
02:26 Farm
02:46 Guard Tower
02:54 Scout Tower
03:16 Guard Tower
03:33 Guard Tower
04:25 Keep
04:32 Scout Tower
04:33 Scout Tower
04:34 Scout Tower
04:34 Scout Tower
04:35 Scout Tower
04:35 Scout Tower
04:52 Scout Tower
04:55 Scout Tower
05:19 Guard Tower
05:19 Guard Tower
05:26 Guard Tower
05:30 Guard Tower
06:06 Guard Tower
06:11 Guard Tower
06:39 Guard Tower
07:10 Castle
07:50 Gryphon Aviary
07:51 Gryphon Aviary
08:24 Blacksmith
08:45 Farm
08:45 Farm
08:46 Farm
08:47 Farm
08:47 Farm
08:48 Farm
08:49 Farm
08:50 Farm
13:07 Town Hall
13:37 Arcane Sanctum
17:19 Scout Tower
17:20 Scout Tower
17:20 Scout Tower
17:21 Scout Tower
17:21 Scout Tower
17:21 Scout Tower
18:08 Guard Tower
18:09 Guard Tower
18:27 Guard Tower
19:03 Guard Tower
19:03 Guard Tower
20:16 Arcane Vault
20:59 Farm
21:00 Farm
28:51 Arcane Sanctum
29:59 Arcane Sanctum
38:12 Town Hall
48:42 Arcane Vault
50:29 Arcane Vault
51:55 Arcane Vault
52:43 Arcane Vault
» items
| Scroll of Regeneration | 2 | |
| Staff of Teleportation | 1 | |
| Potion of Mana | 4 | |
| Scroll of Town Portal | 3 | |
| Potion of Invisibility | 4 | |
| Potion of Lesser Invulnerability | 3 | |
| Lesser Clarity Potion | 1 | |
| Tome of Retraining | 1 | |
19 total
Chat log
(00:08 / All) EXITSIGNLOL: its a human world bitches
(00:13 / All) KangConqueror: lol
(00:18 / All) KangConqueror: i like your name yellow
(00:29 / All) BeerMePlz: :)
(00:33 / All) NegroMagic: I am partnered with smelly orcs and shambling corpses
(07:45 / All) EXITSIGNLOL: favorite die hard movie? mine is the first
(07:51 / All) NegroMagic: overrated
(07:55 / All) KangConqueror: the third
(08:00 / All) EXITSIGNLOL: wtf overated
(08:06 / All) EXITSIGNLOL: bruce willis wsa the man
(08:11 / All) NegroMagic: Die Hard sucks
(08:15 / All) NegroMagic: Boring
(08:24 / All) BeerMePlz: best xmas movie of all time
(08:46 / All) NegroMagic: it's not really an xmas movie
(09:28 / All) NegroMagic: Red you're a cocksucker
(09:50 / All) NegroMagic: The creep has like 1/20th of life left and he comes by to leech the exp
(09:52 / All) NegroMagic: What a queer
(12:25 / Allies) KangConqueror: mk
(15:10 / All) BeerMePlz: i love how you don't even hide your mh
(15:26 / All) NegroMagic: cry about it my man
(16:29 / All) EXITSIGNLOL: freaking cowarsds
(21:09 / Allies) NegroMagic: lkumber?
(22:39 / All) OMW: owned
(23:05 / All) OMW: that was a raping
(27:33 / All) OMW: 20 armour
(27:46 / All) NegroMagic: nice
(28:15 / All) OMW: natural 20 armour without avatar now
(28:20 / All) OMW: 54% damage reduction
(29:04 / All) EXITSIGNLOL: tanker healer unstoppable combo
(29:07 / All) OMW: grunt does like 5 damage
(29:35 / All) OMW: 56% reduction with brilliance aura
(30:08 / All) OMW: are pink and orange saying anything/
(30:47 / All) NegroMagic: poor sports
(30:54 / All) NegroMagic: got beat fair and square and can't even say good game
(31:12 / All) EXITSIGNLOL: let me respec gonna see how godly ur armor becomes
(31:30 / All) OMW: Beazel Bludstone is a retarded name
(31:48 / All) OMW: 60% reduction
(31:48 / All) EXITSIGNLOL: 25 armor
(31:52 / All) OMW: 25 armour
(32:06 / All) NegroMagic: Only 40% of damage does anything to him
(32:09 / All) OMW: gonna get mana and go after pink with solo mk
(32:22 / All) EXITSIGNLOL: 30 armor now
(32:24 / All) OMW: plus I have avatar
(32:26 / All) OMW: wyrms can't do shit
(32:30 / All) EXITSIGNLOL: look at my pallys dps
(32:31 / All) OMW: holy shit
(32:31 / All) EXITSIGNLOL: on mk
(32:36 / All) OMW: 64% reduction
(32:53 / All) NegroMagic: Pink is preparing for the final showdown
(34:32 / All) EXITSIGNLOL: COMING MK
(34:49 / All) NegroMagic: LOL
(34:54 / All) NegroMagic: Pally saving the day had to break his heart
(35:12 / All) NegroMagic: light his dk
(35:22 / All) OMW: lol
(35:37 / All) OMW: you can't kill 2 heroes
(35:39 / All) EXITSIGNLOL: u are a great playe rpink
(37:11 / All) EXITSIGNLOL: aww
(37:14 / All) EXITSIGNLOL: white flag alredy
(37:29 / All) OMW: I wish I had pendant
(37:36 / All) NegroMagic: I had one
(37:42 / All) OMW: had?
(37:43 / All) NegroMagic: I could have gave it to you but I didn't realize you were mk
(37:48 / All) OMW: damn
(37:49 / All) NegroMagic: I sold it and mana potion
(38:59 / All) OMW: 375 mana is so little
(42:10 / All) NegroMagic: Pink's got to be b razilian
(42:44 / All) NegroMagic: lol
(43:10 / All) NegroMagic: he doesn't know whether to run from mk or pally
(43:21 / All) NegroMagic: ran straight into a face full of hammer
(43:26 / All) NegroMagic: lol
(43:31 / All) NegroMagic: trying to use magic on invul'd
(44:49 / All) NegroMagic: It'hs hilarious he has to sell his shit little by litttle
(45:33 / All) EXITSIGNLOL: yes sir
(46:50 / All) EXITSIGNLOL: thank u mr priest
(47:04 / All) EXITSIGNLOL: oj is still here lawl
(47:41 / All) OMW: this is hilarious
(48:33 / All) EXITSIGNLOL: y a sacrificlapit
(48:33 / All) OMW: lol
(48:40 / All) OMW: he made a shade for some reason
(48:47 / All) NegroMagic: the invis'd pally
(48:49 / All) NegroMagic: mayhbe
(49:53 / All) OMW: pussy
(50:39 / All) NegroMagic: ay caramba
(51:26 / All) NegroMagic: lol
(51:33 / All) EXITSIGNLOL: u are incredible pink
(51:40 / All) EXITSIGNLOL: perhaps give control to ur friend orange
(53:37 / All) EXITSIGNLOL: its ironic that ziggurats are the biggest foot supply building but are the weakest in terms of armor
(53:39 / All) EXITSIGNLOL: they die fast
(53:49 / All) NegroMagic: well they double as towers
(54:01 / All) OMW: they are a bitch if you don't have a level 8 mountain king with 30 armour and a level 10 paladin
(54:44 / All) OMW: Pink is a complete noob
(54:48 / All) NegroMagic: and it's not really ironic since size doesn't denote durability
(55:05 / All) EXITSIGNLOL: ah ur rihgt
(55:06 / All) EXITSIGNLOL: yao ming
(55:10 / All) EXITSIGNLOL: he is big but not durable
(55:23 / All) NegroMagic: I wonder what pink is thinking
(55:29 / All) EXITSIGNLOL: I KNOW
(55:31 / All) OMW: nothing, he doesn't think
(55:31 / All) EXITSIGNLOL: JAJAJAJAJA
(55:33 / All) EXITSIGNLOL: JAAJAJAJ
(55:38 / All) NegroMagic: huehuehuehuehue
(55:55 / All) EXITSIGNLOL: donde esta brazil??
(55:58 / All) EXITSIGNLOL: from??
(56:21 / All) EXITSIGNLOL: this is the type of repaly to rewatch and see if orange was indeed afk or not
(56:37 / All) NegroMagic: he was probably messing with reds peons
(57:09 / All) EXITSIGNLOL: blue called me rude for taking his items
(57:25 / All) EXITSIGNLOL: i thought he was gonna tk but all he said was i was rude
(58:59 / All) OMW: that divine shield is so annoying
(59:01 / All) NegroMagic: yellow left pretty ez
(59:04 / All) NegroMagic: I killed his low health mk
(59:10 / All) EXITSIGNLOL: blue rihgt after
(59:12 / All) NegroMagic: and then he tried to kill my expo
(59:18 / All) NegroMagic: but I broguht griffs and he had to tp
(59:27 / All) NegroMagic: I guess he got his expo crushed or something
(60:07 / All) OMW: scroll of protection lol
(60:23 / All) EXITSIGNLOL: wow uses the same icons as wc3 a lot
(60:30 / All) EXITSIGNLOL: that scroll icon is the cooking recpie shit
(60:49 / All) OMW: that furblog has no animation when it stomps
(61:07 / All) OMW: 2 furblogs
(61:15 / All) EXITSIGNLOL: my money is on the left
(61:41 / All) NegroMagic: you guys ready to end it?
(61:54 / All) OMW: yeah
(61:54 / All) EXITSIGNLOL: yea
(61:58 / All) EXITSIGNLOL: bathroom for me
(62:00 / All) EXITSIGNLOL: this game was odd
(62:05 / All) EXITSIGNLOL: like
(62:07 / All) EXITSIGNLOL: nothing happened
(62:08 / All) NegroMagic: Pink was a funny baboon